 Dungeon Crawl Stone Soup version 0.31.0-12-g77e489cdc1 (webtiles) character file.

Game seed: 4873632315855841216

60 Doomgape the Ruffian (level 3, -1/27 HPs)
             Began as a Demonspawn Shapeshifter on Feb 18, 2024.
             Slain by an orc wizard
             ... wielding a +0 dagger
              (4 damage)
             ... on level 2 of the Dungeon.
             The game lasted 00:04:10 (1232 turns).

Doomgape the Ruffian (Demonspawn Shapeshifter)      Turns: 1232, Time: 00:04:11

Health: -1/27      AC:  3    Str: 16    XL:     3   Next: 80%
Magic:  3/3        EV: 12    Int: 10    God:
Gold:   55         SH:  4    Dex: 12    Spells: 2/2 levels left

rFire   . .          .
                       - Unarmed
rCold   + . .        (no shield)
rNeg    . . .        a - +1 animal skin
rPois   .            (helmet currently unavailable)
rElec   .            (cloak currently unavailable)
rCorr   .            (gloves currently unavailable)
SInv    +            (boots currently unavailable)
Will    .....        (no amulet)
Stlth   +            k - ring of see invisible
HPRegen 0.24/turn    f - ring of protection from cold
MPRegen 0.08/turn

%: no passive effects
@: beast-form
A: beast (slay +1), large bone plates 1
a: Begin Untransformation


You were on level 2 of the Dungeon.
You were a hulking beast.
You visited 1 branch of the dungeon, and saw 2 of its levels.

You collected 55 gold pieces.

Inventory:

Armour
 a - a +1 animal skin (worn)
Jewellery
 f - a ring of protection from cold (right hand)
 k - a ring of see invisible (left hand)
Talismans
 c - a beast talisman
 d - a flux talisman
Scrolls
 g - a scroll of teleportation {unknown}
Potions
 b - a potion of lignification
 e - a potion of haste
 i - a potion of brilliance {unknown}
 j - a potion of curing


   Skills:
 + Level 2.2 Fighting
 - Level 2.0 Dodging
 + Level 3.2 Unarmed Combat
 + Level 3.1 Shapeshifting


You had 2 spell levels left.
You didn't know any spells.
Your spell library was empty.

Dungeon Overview and Level Annotations

Branches:
Dungeon (2/15)

Altars:

Shops:
D:1 *


Innate Abilities, Weirdness & Mutations

You are a hulking beast.
Your limbs bulge with bestial killing power. (Slay +1)
You are partially covered in large bone plates. (SH +4)


Message History

An orc wizard comes into view. It is wielding a +0 dagger.
You hear a shout!
You hit the orc.
The orc is severely wounded.
The orc wizard casts a spell at you. The magic dart hits you.
An orc comes into view. It is wielding a +0 hand axe.
The orc shouts!
You block the orc's attack. The orc closely misses you.
The orc wizard closely misses you.
You see here a +0 flail.
You hit the orc.
You kill the orc!
The orc wizard hits you with a +0 dagger.
* * * LOW HITPOINT WARNING * * *
The orc hits you with a +0 hand axe.
* * * LOW HITPOINT WARNING * * *
Unknown command.
You feel better.
The orc wizard hits you with a +0 dagger.
* * * LOW HITPOINT WARNING * * *
The orc hits you with a +0 hand axe.
* * * LOW HITPOINT WARNING * * *
The orc wizard attacks as it pursues you!
The orc wizard closely misses you.
You hit the orc wizard.
The orc wizard is moderately wounded.
The orc wizard misses you.
You barely miss the orc wizard.
The orc wizard is moderately wounded.
You hit the orc wizard.
The orc wizard is moderately wounded.
The orc wizard hits you but does no damage.
The orc attacks as it pursues you! You block the orc's attack.
The orc wizard hits you with a +0 dagger.
* * * LOW HITPOINT WARNING * * *
Found 9 gold pieces.
The orc wizard attacks as it pursues you!
The orc wizard hits you with a +0 dagger.
You die...

#######.....#
###.<#
......#.....#
#...#
#####.......#
##.###
#####.#####..#
#.####).## ##
#...#..## ..
###.#.## ##
#..))#####
##.#ooh..#
#.#####.....$
..# ##... #.##
. .. ... ..>


You could see an orc wizard and an orc.

Vanquished Creatures
  3 adders (D:2)
  A dart slug (D:1)
  2 orcs (D:2)
  2 bats (D:1)
  An endoplasm (D:2)
  4 goblins
  2 jackals (D:1)
  3 kobolds
  3 quokkas (D:1)
  2 ball pythons
  2 frilled lizards
  4 rats (D:1)
29 creatures vanquished.

Notes
Turn   | Place    | Note
-------+----------+-------------------------------------------
     0 | D:1      | Doomgape the Demonspawn Shapeshifter began the quest for
                  | the Orb.
     0 | D:1      | Reached XP level 1. HP: 15/15 MP: 1/1
   243 | D:1      | Found Ihiklavoan's General Store.
   326 | D:1      | Gained mutation: You are partially covered in large bone
                  | plates. (SH +4) [demonic ancestry]
   326 | D:1      | Reached XP level 2. HP: 17/21 MP: 2/2
   906 | D:2      | Reached XP level 3. HP: 20/27 MP: 3/3
  1232 | D:2      | Slain by an orc wizard

Illustrated notes

Levels and vault maps discovered:
D:1:      dpeg_arrival_brainrot, layout_loops_ring, serial_shops,
          nicolae_shop_crystal
D:2:      layout_rooms

Skill      XL: |  1  2  3 |
---------------+----------+-----
Dodging        | 2 |  2.0
Unarmed Combat | 3 |  3.2
Shapeshifting  | 3 |  3.1
Fighting       | 2 |  2.2

Action                     || total
---------------------------++-------
  Melee: Unarmed           ||   107
         Punch             ||     1
    Use: Scroll            ||     3
         Potion            ||     2
   Stab: Sleeping          ||     2
 Armour: Animal skin       ||    56
  Dodge: Dodged            ||    46
  Block: Other             ||    13
